Unix NetHack Version 3.7.0-102 Work-in-progress - last build Apr 6 2024 13:22:21 (d302a6a9ff6341f1a922d8f5af178406b35fdf99,branch:master). Game began 2024-04-06 23:14:43, ended 2024-04-06 23:27:23. priyavt, neutral male human Wizard --- ..--- ..@.| ..h.. ... . -. .G .. -. Priyavt the Conjurer St:12 Dx:14 Co:13 In:17 Wi:9 Ch:10 Neutral S:295 Dlvl:3 $:19 HP:0(24) Pw:23(23) AC:9 Xp:3/44 T:1288 Latest messages: This door is locked. # You decide not to force the issue. # You decide not to force the issue. # In what direction? # In what direction? Thwack!! This door is locked. In what direction? You hear a crashing sound. The fox bites! The fox bites! You miss the fox. The fox bites! You kill the fox! # You don't have enough energy to cast that spell. You see here a statue of a jackal. # You see here 7 gold pieces. $ - 7 gold pieces (14 in total). The door opens. You kill the red mold! Welcome to experience level 3. You see here 5 gold pieces. $ - 5 gold pieces (19 in total). You see here a scroll labeled PRIRUTSENIE. w - a scroll labeled PRIRUTSENIE. You kill the lichen! There is a doorway here. You see here a lichen corpse. There is a lichen corpse here; eat it? [ynq] (n) This lichen corpse tastes okay. You finish eating the lichen corpse. You descend the stairs. You are hit by a crossbow bolt! You are hit by a crossbow bolt. You are hit by a crossbow bolt. You are hit by a stout spear. The gnome picks up a food ration. You miss the dwarf. The dwarf thrusts her broad short sword. The dwarf hits! You die... Do you want your possessions identified? [ynq] (y) Do you want to see your attributes? [ynq] (y) Do you want an account of creatures vanquished? [ynaq] (y) Inventory: Coins $ - 19 gold pieces Weapons a - a blessed +1 quarterstaff (weapon in hands) Armor b - an uncursed +0 cloak of magic resistance (being worn) Comestibles u - an uncursed pancake Scrolls q - a cursed scroll of confuse monster i - an uncursed scroll of create monster j - an uncursed scroll of enchant weapon k - an uncursed scroll of identify p - a cursed scroll of identify w - an uncursed scroll of light Spellbooks l - a blessed spellbook of force bolt m - an uncursed spellbook of stone to flesh Potions g - a blessed potion of confusion s - 2 uncursed potions of healing v - an uncursed potion of oil h - an uncursed potion of paralysis o - an uncursed potion of sleeping r - an uncursed potion of speed f - 2 uncursed potions of water Rings d - an uncursed ring of free action e - an uncursed ring of invisibility Wands c - a wand of make invisible (0:6) Tools n - a magic marker (0:20) Priyavt the Wizard's attributes: Background: You were a Conjurer, a level 3 male human Wizard. You were neutral, nominally on a mission for Thoth who was opposed by Ptah (lawful) and Anhur (chaotic). You were right-handed. You were in the Gnomish Mines, on level 3. You entered the dungeon 1288 turns ago. It was nighttime. You had 44 experience points, 36 more were needed to attain level 4. Your score was 295 before end-of-game adjustments. Basics: You had 0 out of 24 hit points. You had all 23 energy points (spell power). Your armor class was 9. Your wallet contained 19 zorkmids. Autopickup was off. Final Characteristics: Your strength was 12 (limit:18/100). Your dexterity was 14 (limit:18). Your constitution was 13 (limit:18). Your intelligence was 17 (limit:18). Your wisdom was 9 (limit:18). Your charisma was 10 (limit:18). Final Status: You weren't hungry. You were unencumbered. You were wielding a quarterstaff. You had basic skill with quarterstaff. Final Attributes: You were stridently aligned. You were magic-protected. You were warded. You are dead. Miscellaneous: You never encountered a bones level. Total elapsed playing time was 12 minutes and 32 seconds. Major events: Turn 1: priyavt the neutral male human Wizard entered the dungeon 1135: attained the rank of Conjurer (level 3) 1281: entered the Gnomish Mines 1288: killed by a dwarf Vanquished creatures: a red mold a gecko 6 jackals 2 foxes a goblin a sewer rat 4 grid bugs 3 lichens a kobold zombie 5 newts 25 creatures vanquished. No species were genocided or became extinct. Voluntary challenges: You followed a strict vegan diet. You were an atheist. You were illiterate. You never engraved Elbereth. You never genocided any monsters. You never polymorphed an object. You never changed form. You used no wishes. Achievements: You attained the rank of Conjurer. You entered the Gnomish Mines. The Dungeons of Doom: levels 1 to 2 Level 1: Level 2: Stairs down to The Gnomish Mines. The Gnomish Mines: Level 3: <- You were here. Final resting place for you, killed by a dwarf. Game over: ---------- / \ / REST \ / IN \ / PEACE \ / \ | priyavt | | 19 Au | | killed by a | | dwarf | | | | | | 2024 | *| * * * | * _________)/\\_//(\/(/\)/\//\/|_)_______ Goodbye priyavt the Wizard... You died in The Gnomish Mines on dungeon level 3 with 294 points, and 19 pieces of gold, after 1288 moves. You were level 3 with a maximum of 24 hit points when you died.